 Dungeon Crawl Stone Soup version 0.29-a0-323-g050149af67 (webtiles) character file.

Game seed: 9341004250197280052

345 Jortsu the Vandal (level 6, -7/59 HPs)
             Began as a Troll Hunter on Apr 11, 2022.
             Mangled by an ogre
             ... wielding a +0 giant club
              (29 damage)
             ... on level 3 of the Dungeon.
             The game lasted 00:07:45 (2179 turns).

Jortsu the Vandal (Troll Hunter)                    Turns: 2179, Time: 00:07:45

Health: -7/59      AC:  8    Str: 20    XL:     6   Next: 32%
Magic:  5/5        EV: 10    Int:  5    God:
Gold:   141        SH:  0    Dex: 15    Spells: 5/5 levels left

rFire   . . .      SeeInvis .   (no weapon)
rCold   . . .      Faith    .   (no shield)
rNeg    . . .      Spirit   .   b - +1 robe
rPois   .          Reflect  .   (helmet restricted)
rElec   .          Harm     .   e - +2 cloak
rCorr   .          Rampage  .   (gloves unavailable)
Will    .....                   (boots unavailable)
Stlth   ++........              (no amulet)
HPRegen 0.99/turn               (no ring)
MPRegen 0.09/turn               (no ring)

@: no status effects
A: large, unfitting armour, claws 3, regeneration 1, shaggy fur 1, tough skin 1
a: no special abilities


You were on level 3 of the Dungeon.
You visited 1 branch of the dungeon, and saw 3 of its levels.

You collected 141 gold pieces.

Inventory:

Hand Weapons
 a - a +1 vorpal hunting sling
Armour
 b - a +1 robe (worn)
 e - a +2 cloak (worn)
Scrolls
 c - 2 scrolls of immolation
 d - a scroll of teleportation
 g - a scroll of vulnerability {unknown}
Potions
 f - a potion of curing {unknown}
 h - a potion of lignification {unknown}
 j - 4 potions of mutation {unknown}
 k - 2 potions of heal wounds {unknown}


   Skills:
 + Level 2.6 Fighting
 + Level 4.7 Slings
 + Level 2.1 Dodging
 + Level 0.5 Stealth


You had 5 spell levels left.
You didn't know any spells.
Your spell library contained the following spells:

 Spells                   Type           Power      Damage    Failure   Level
 Summon Guardian Golem    Hex/Summ       0%         N/A       85%         3
 Orb of Destruction       Conj           0%         9d5       100%        7
 Spellforged Servitor     Conj/Summ      0%         N/A       100%        7


Dungeon Overview and Level Annotations

Branches:
Dungeon (3/15)

Altars:

Shops:
D:1 !


Innate Abilities, Weirdness & Mutations

You are too large for most types of armour.
You have claws for hands.
Your natural rate of healing is unusually fast.
You are covered in fur. (AC +1)
You have tough skin. (AC +1)


Message History

As you open the door, it creaks loudly!
An adder comes into view.
The adder hisses angrily.
There is an open door here.
You miss the adder. The adder bites you but does no damage.
The adder closely misses you.
You claw the adder!
The adder is almost dead.
The adder bites you but does no damage.
You claw the adder!
You kill the adder!
You see here an adder corpse.
There is an open door here.
Found a ring mail.
Found 18 stones.
You see here 18 stones.
An ogre comes into view. It is wielding a +0 giant club.
You claw the ogre!
The ogre is moderately wounded.
The ogre hits you with a +0 giant club!
You scratch the ogre.
The ogre is moderately wounded.
The ogre barely misses you.
You scratch the ogre.
The ogre is heavily wounded.
You barely miss the ogre.
The ogre is heavily wounded.
The ogre closely misses you.
You scratch the ogre.
The ogre is severely wounded.
The ogre hits you with a +0 giant club.
You scratch the ogre but do no damage.
The ogre is severely wounded.
You scratch the ogre.
The ogre is severely wounded.
The ogre hits you with a +0 giant club!!
You scratch the ogre.
The ogre is severely wounded.
The ogre hits you with a +0 giant club!!
You die...

##.##
#####...########
..##............
#...[...########
###.###...## ...#
#....#
##.###....#
.#######........#
......O@.####(###
########## #.#
#.# #.# #.# #.#
#.# ...


You could see an ogre.

Vanquished Creatures
  Sigmund (D:2)
  Jessica (D:2)
  3 gnolls (D:2)
  8 adders
  4 worms (D:2)
  A dart slug (D:1)
  An orc (D:3)
  6 endoplasms
  2 giant cockroaches
  6 goblins
  6 hobgoblins
  A jackal (D:2)
  2 quokkas
  4 ball pythons
  4 bats (D:1)
  6 frilled lizards
  A kobold (D:2)
  5 rats
62 creatures vanquished.

Notes
Turn   | Place    | Note
-------+----------+-------------------------------------------
     0 | D:1      | Jortsu the Troll Hunter began the quest for the Orb.
     0 | D:1      | Reached XP level 1. HP: 19/19 MP: 0/0
    21 | D:1      | Found Kolokkou's Distillery.
   196 | D:1      | Reached skill level 3 in Slings
   196 | D:1      | Reached XP level 2. HP: 27/27 MP: 1/1
   734 | D:2      | Reached XP level 3. HP: 32/35 MP: 2/2
   923 | D:2      | Noticed Sigmund
   935 | D:2      | Noticed Jessica
   949 | D:2      | Reached XP level 4. HP: 42/42 MP: 3/3
   957 | D:2      | Killed Sigmund
   958 | D:2      | Reached skill level 4 in Slings
   958 | D:2      | Reached XP level 5. HP: 47/50 MP: 4/4
  1016 | D:2      | Killed Jessica
  1195 | D:2      | Reached XP level 6. HP: 59/59 MP: 5/5
  2179 | D:3      | Mangled by an ogre

Illustrated notes

Levels and vault maps discovered:
D:1:      dpeg_arrival_short_road, layout_loops_cross, serial_shops,
          shop_fountains, minmay_pentomino_z2
D:2:      minmay_chambers_of_twos, layout_loops_corners, minmay_misc_feat_cross,
          st_stairs_5, kennysheep_generic_room_10, uniq_sigmund, uniq_jessica
D:3:      layout_loops_corners, grunt_temple_overflow_open

Skill      XL: |  1  2  3  4 |
---------------+-------------+-----
Slings         | 3 4 |  4.7
Fighting       | 2 |  2.6
Dodging        | 2 |  2.1
Stealth        | |  0.5

Action                   |  1- 3 |  4- 6 || total
-------------------------+-------+-------++-------
Melee: Unarmed           |       |    30 ||    30
 Fire: Hunting sling     |   122 |   127 ||   249
  Use: Scroll            |     2 |     3 ||     5
 Stab: Sleeping          |       |     1 ||     1
Armor: Robe              |    41 |    38 ||    79
Dodge: Dodged            |    58 |    50 ||   108

Table legend: (Time is in decaauts)
 A = Elapsed time spent in this place.
 B = Non-inter-level travel time spent in this place.
 C = Inter-level travel time spent in this place.
 D = Time resting spent in this place.
 E = Time spent auto-exploring this place.
 F = Levels seen in this place.
 G = Mean time per level.
                   A        B        C        D        E       F      G
               +--------+--------+--------+--------+--------+-----+--------+
         Total |   2258 |   2163 |     95 |     35 |   1453 |   3 |  752.7 |
       Dungeon |   2258 |   2163 |     95 |     35 |   1453 |   3 |  752.7 |
               +--------+--------+--------+--------+--------+-----+--------+

Top non-repeatable levels by time:
     D:2: 1285 daAuts
     D:1: 690 daAuts
     D:3: 282 daAuts
